 Dungeon Crawl Stone Soup version 0.30-a0-118-ga018f8e90f (webtiles) character file.

Game seed: 17392317672929171412

210 Newt the Cutter (level 5, -7/42 HPs)
             Began as a Demonspawn Gladiator on Sept 13, 2022.
             Mangled by Duvessa
             ... wielding a +0 short sword
              (8 damage)
             ... on level 4 of the Dungeon.
             The game lasted 00:03:03 (3028 turns).

Newt the Cutter (Demonspawn Gladiator)              Turns: 3028, Time: 00:03:05

Health: -7/42      AC:  6    Str: 16    XL:     5   Next: 56%
Magic:  5/5        EV: 12    Int: 10    God:
Gold:   92         SH:  0    Dex: 14    Spells: 4/4 levels left

rFire   . . .      SeeInvis .    a - +1 rapier (vamp)
rCold   . . .      Faith    .    (no shield)
rNeg    . . .      Spirit   .    b - +0 leather armour
rPois   .          Reflect  .    c - +0 helmet
rElec   .          Harm     .    (no cloak)
rCorr   .          Rampage  .    (no gloves)
Will    .....                    (no boots)
Stlth   ++........               (no amulet)
HPRegen 0.14/turn                i - ring of flight
MPRegen 0.09/turn                (no ring)

@: flying
A: hooves 1, icy blue scales 1
a: no special abilities


You were on level 4 of the Dungeon.
You visited 1 branch of the dungeon, and saw 5 of its levels.

You collected 92 gold pieces.

Inventory:

Hand Weapons
 a - a +1 vampiric rapier (weapon)
Missiles
 d - 3 throwing nets (quivered)
 e - 7 javelins
 m - 2 poisoned darts
Armour
 b - a +0 leather armour (worn)
 c - a +0 helmet (worn)
Jewellery
 i - a ring of flight (left hand)
Wands
 s - a wand of polymorph (3)
Scrolls
 g - a scroll of enchant weapon
 k - a scroll of amnesia
 l - a scroll of teleportation
 n - a scroll of poison
 o - a scroll of butterflies
 q - a scroll of noise {unknown}
 r - a scroll of identify
Potions
 h - 2 potions of curing
 j - a potion of ambrosia
 p - a potion of mutation {unknown}
 t - a potion of invisibility {unknown}


   Skills:
 - Level 4.0 Fighting
 + Level 4.3 Short Blades
 - Level 1.7 Throwing
 - Level 2.6 Dodging
 - Level 2.0 Stealth


You had 4 spell levels left.
You didn't know any spells.
Your spell library contained the following spells:

 Spells                   Type           Power      Damage    Failure   Level
 Slow                     Hex            0%         N/A       43%         1
 Sting                    Tmut/Pois      0%         1d3       43%         1
 Summon Small Mammal      Summ           0%         N/A       43%         1
 Cigotuvi's Dreadful Rot  Necr/Pois/Air  0%         N/A       56%         2
 Poisonous Vapours        Pois/Air       0%         N/A       56%         2
 Call Canine Familiar     Summ           0%         N/A       80%         3
 Confusing Touch          Hex            0%         N/A       80%         3
 Frozen Ramparts          Ice            0%         1d1       80%         3
 Gell's Gravitas          Tloc           0%         N/A       80%         3
 Lesser Beckoning         Tloc           0%         N/A       80%         3
 Summon Guardian Golem    Hex/Summ       0%         N/A       80%         3
 Teleport Other           Tloc           0%         N/A       80%         3
 Vampiric Draining        Necr           0%         2d6       80%         3
 Dispel Undead            Necr           0%         3d6       99%         4
 Ice Form                 Ice/Tmut       0%         N/A       99%         4
 Olgreb's Toxic Radiance  Pois           0%         N/A       99%         4
 Summon Ice Beast         Ice/Summ       0%         N/A       99%         4
 Death Channel            Necr           0%         N/A       100%        6


Dungeon Overview and Level Annotations

Branches:
Dungeon (5/15)
 Temple: D:4-7

Altars:
Fedhas

Annotations:
D:4 Dowan, Duvessa


Innate Abilities, Weirdness & Mutations

You have large cloven feet.
You are partially covered in icy blue scales. (AC +2)


Message History

The worm is moderately wounded.
Duvessa barely misses you. The worm bites you.
* * * LOW HITPOINT WARNING * * *
Duvessa hits you with a +0 short sword.
* * * LOW HITPOINT WARNING * * *
Dowan completely misses you.
You feel much better. Duvessa hits you with a +0 short sword.
The worm bites you but does no damage. Dowan casts a spell at you.
You resist with some effort.
Duvessa says, "When magic and the sword combine, nothing stands against them."
Duvessa hits you with a +0 short sword. Duvessa attacks as you move away!
Duvessa hits you with a +0 short sword! Duvessa attacks as you move away!
Duvessa completely misses you. Duvessa barely misses you.
Duvessa barely misses you. Duvessa attacks as you move away!
Duvessa hits you with a +0 short sword!
* * * LOW HITPOINT WARNING * * *
Dowan attacks as you move away! Dowan hits you with a +0 dagger.
* * * LOW HITPOINT WARNING * * *
Found a ruby potion.
Dowan casts a spell.
Dowan blinks!
There is a stone staircase leading down here.
Duvessa gestures with her weapon.
Duvessa hits you but does no damage. Duvessa closely misses you.
Dowan throws and catches a handful of magical flame, then smirks.
You fly downwards.
The orc shouts!
The orc priest shouts!
The orc shouts! x3
Found a knobbly jewelled staff.
Found two stone staircases leading down.
There is a stone staircase leading up here.
The centaur shouts!
The centaur wields a +0 shortbow.
The centaur shoots an arrow.
The arrow hits you.
* * * LOW HITPOINT WARNING * * *
You fly upwards.
Level annotation: Dowan, Duvessa Duvessa hits you with a +0 short sword!
You die...

## #.# # ###########
##..### #.##.....#..#
##.....####............
.#............#..######.
...........e.##.## ##
#.....@e........## ###.
##!.#.....##.....###...
# ##....##.........<#
#.....#.....###...
##.w........# #...
##.........# ##..
#...####### ... #...##
... ###.)## ###....


You could see Duvessa (fast), Dowan and a worm.

Vanquished Creatures
  A hound (D:3)
  A jelly (D:2)
  An iguana (D:4)
  3 adders
  2 worms
  5 dart slugs
  2 orcs (D:3)
  3 endoplasms
  4 giant cockroaches
  7 goblins
  6 hobgoblins
  13 jackals
  3 quokkas
  7 ball pythons
  6 bats (D:1)
  7 frilled lizards
  4 kobolds
  5 rats
80 creatures vanquished.

Notes
Turn   | Place    | Note
-------+----------+-------------------------------------------
     0 | D:1      | Newt the Demonspawn Gladiator began the quest for the Orb.
     0 | D:1      | Reached XP level 1. HP: 16/16 MP: 1/1
    79 | D:1      | Reached skill level 1 in Stealth
   629 | D:1      | Gained mutation: You have large cloven feet. [demonic
                  | ancestry]
   629 | D:1      | Reached XP level 2. HP: 21/22 MP: 2/2
   974 | D:1      | Reached XP level 3. HP: 28/28 MP: 3/3
  1152 | D:1      | Found a faded altar of an unknown god.
  1330 | D:2      | Found a blossoming altar of Fedhas.
  1766 | D:2      | Gained mutation: You are partially covered in icy blue
                  | scales. (AC +2) [demonic ancestry]
  1766 | D:2      | Reached XP level 4. HP: 37/37 MP: 4/4
  2307 | D:3      | Reached XP level 5. HP: 41/42 MP: 5/5
  2992 | D:4      | Noticed Dowan
  2996 | D:4      | Noticed Duvessa
  3026 | D:5      | Entered Level 5 of the Dungeon
  3026 | D:5      | Noticed a centaur
  3027 | D:5      | HP: 1/42 [centaur/arrow (3)]
  3028 | D:4      | Mangled by Duvessa

Illustrated notes

Levels and vault maps discovered:
D:1:      nicolae_arrival_memento_mori, layout_rooms,
          chequers_ecumenical_altar_island, minmay_domino_4
D:2:      kennysheep_big_flooded_room, layout_loops_ring, basic_altar
D:3:      layout_basic
D:4:      layout_cave_pools, slow_altar_1, kennysheep_crisscross, uniq_grinder,
          uniq_duvessa, uniq_pikel, uniq_sigmund, uniq_edmund
D:5:      layout_cave_pools, temple_pool_b, uniq_prince_ribbit1,
          uniq_blork_the_orc

Skill      XL: |  1  2  3  4  5 |
---------------+----------------+-----
Stealth        | 1 2 |  2.0
Fighting       | 3 4 |  4.0
Short Blades   | 3 4 |  4.3
Throwing       | |  1.7
Dodging        | |  2.6

Action                   |  1- 3 |  4- 6 || total
-------------------------+-------+-------++-------
Melee: Rapier            |   136 |   115 ||   251
       Kick              |    29 |    27 ||    56
       Punch             |     1 |       ||     1
Throw: Throwing net      |     1 |       ||     1
  Use: Scroll            |     2 |     7 ||     9
       Potion            |       |     2 ||     2
 Stab: Sleeping          |     3 |     3 ||     6
Armor: Leather armour    |    46 |    30 ||    76
Dodge: Dodged            |   119 |    91 ||   210

Table legend: (Time is in decaauts)
 A = Elapsed time spent in this place.
 B = Non-inter-level travel time spent in this place.
 C = Inter-level travel time spent in this place.
 D = Time resting spent in this place.
 E = Time spent auto-exploring this place.
 F = Levels seen in this place.
 G = Mean time per level.
                   A        B        C        D        E       F      G
               +--------+--------+--------+--------+--------+-----+--------+
         Total |   3053 |   2978 |     75 |    564 |   1813 |   5 |  610.6 |
       Dungeon |   3053 |   2978 |     75 |    564 |   1813 |   5 |  610.6 |
               +--------+--------+--------+--------+--------+-----+--------+

Top non-repeatable levels by time:
     D:1: 1352 daAuts
     D:2: 938 daAuts
     D:3: 697 daAuts
     D:4: 64 daAuts
     D:5: 1 daAuts
